 Dungeon Crawl Stone Soup version 0.30-a0-711-gf4ac18a38d (webtiles) character file.

Game seed: 12256843090002665390

3094 ASSMAN the Skirmisher (level 9, -7/71 HPs)
             Began as a Gnoll Hunter on Jan 23, 2023.
             Was a Believer of Cheibriados.
             Mangled by a gargoyle
             ... wielding a +0 morningstar
              (8 damage)
             ... on level 8 of the Dungeon.
             The game lasted 00:09:05 (6289 turns).

ASSMAN the Skirmisher (Gnoll Hunter)                Turns: 6289, Time: 00:09:06

Health: -7/71      AC:  6    Str: 15    XL:     9   Next: 90%
Magic:  16/16      EV: 19    Int: 14    God:    Cheibriados [**....]
Gold:   511        SH:  0    Dex: 31    Spells: 17/17 levels left

rFire   . . .      SeeInvis .    d - +2 sling (flame)
rCold   . . .      Faith    .    (no shield)
rNeg    . . .      Spirit   .    A - +2 robe {Will+}
rPois   .          Reflect  .    (no helmet)
rElec   .          Harm     .    j - +1 cloak
rCorr   .          Rampage  .    (no gloves)
Will    +....                    (no boots)
Stlth   ++++                     u - amulet of the acrobat
HPRegen 0.31/turn                o - +6 ring of dexterity
MPRegen 0.15/turn                g - ring of wizardry

@: very slow
A: fangs 1, strong nose, distributed training
a: Renounce Religion, Bend Time


You were on level 8 of the Dungeon.
You worshipped Cheibriados.
Cheibriados was pleased with you.
You visited 2 branches of the dungeon, and saw 9 of its levels.

You collected 511 gold pieces.

Inventory:

Hand Weapons
 d - a +2 sling of flaming (weapon)
 f - a +1 dagger of pain
 h - a +1 short sword of venom
 n - a +1 dagger of holy wrath
Missiles
 F - 3 throwing nets
Armour
 j - a +1 cloak (worn)
 A - a +2 robe of willpower (worn)
Jewellery
 b - a ring of willpower
 g - a ring of wizardry (right hand)
 o - a +6 ring of dexterity (left hand)
 u - an amulet of the acrobat (around neck)
 H - a ring of willpower
Wands
 G - a wand of polymorph (10)
Scrolls
 a - a scroll of teleportation {unknown}
 i - 3 scrolls of identify
 v - a scroll of amnesia
 w - a scroll of torment
 I - 3 scrolls of brand weapon
Potions
 e - 4 potions of brilliance
 k - 2 potions of haste {unknown}
 l - 3 potions of curing
 q - a potion of magic {unknown}
 r - 2 potions of might {unknown}
 s - a potion of lignification {unknown}
 t - a potion of mutation {unknown}
 x - a potion of flight {unknown}
 z - a potion of berserk rage {unknown}
 B - a potion of heal wounds {unknown}
 C - 2 potions of resistance {unknown}
 D - 2 potions of ambrosia {unknown}
 J - a potion of invisibility {unknown}


   Skills:
 + Level 6.7 Fighting
 + Level 4.9 Short Blades
 + Level 4.9 Long Blades
 + Level 4.9 Axes
 + Level 4.9 Maces & Flails
 + Level 4.9 Polearms
 + Level 4.9 Staves
 + Level 9.9 Ranged Weapons
 + Level 4.9 Throwing
 + Level 4.9 Armour
 + Level 6.7 Dodging
 + Level 5.4 Stealth
 + Level 4.9 Shields
 + Level 4.9 Unarmed Combat
 + Level 4.9 Spellcasting
 + Level 4.0 Conjurations
 + Level 4.0 Hexes
 + Level 4.0 Summonings
 + Level 4.0 Necromancy
 + Level 4.0 Translocations
 + Level 4.0 Transmutations
 + Level 4.0 Fire Magic
 + Level 4.0 Ice Magic
 + Level 4.0 Air Magic
 + Level 4.0 Earth Magic
 + Level 4.0 Poison Magic
 + Level 5.3 Invocations
 + Level 4.9 Evocations


You had 17 spell levels left.
You didn't know any spells.
Your spell library contained the following spells:

 Spells                   Type           Power      Damage    Failure   Level
 Summon Small Mammal      Summ           56%        N/A       1%          1
 Call Canine Familiar     Summ           14%        N/A       4%          3
 Summon Guardian Golem    Hex/Summ       14%        N/A       4%          3
 Yara's Violent Unravell  Hex/Tmut       7%         3d5       34%         5
 Conjure Ball Lightning   Conj/Air       7%         3x3d6     87%         6
 Enfeeble                 Hex            7%         N/A       100%        7
 Discord                  Hex            7%         N/A       100%        8
 Disjunction              Tloc           7%         N/A       100%        8


Dungeon Overview and Level Annotations

Branches:
Dungeon (8/15)             Temple (1/1) D:5
   Lair: D:8-11

Altars:
Cheibriados
Dithmenos
Fedhas
Gozag
Hepliaklqana
Makhleb
Nemelex Xobeh
Qazlal
Sif Muna
Uskayaw
Vehumet
Wu Jian
Xom
Yredelemnul
The Shining One

Shops:
D:1 *

Annotations:
D:1 1 transporter


Innate Abilities, Weirdness & Mutations

You have very sharp teeth.
Your uncanny sense of smell can sniff out nearby items.
Your experience applies equally to all skills.


Message History

You are too injured to fight recklessly!
You are too injured to fight recklessly!
Fire: d) +2 sling (flame)
Press: ? - help, Q - select action, (/) - cycle Shift-Dir - straight line, f/p - gargoyle
Aim: a gargoyle, wielding a +0 morningstar (severely damaged, 82% to hit)
You shoot a sling bullet.
The sling bullet barely misses the gargoyle.
Fire: d) +2 sling (flame)
Press: ? - help, Q - select action, (/) - cycle Shift-Dir - straight line, f/p - gargoyle
Aim: a gargoyle, wielding a +0 morningstar (severely damaged, 82% to hit)
You shoot a sling bullet.
The sling bullet hits the gargoyle but does no damage.
The gargoyle is severely damaged.
The gargoyle completely misses you.
Fire: d) +2 sling (flame)
Press: ? - help, Q - select action, (/) - cycle Shift-Dir - straight line, f/p - gargoyle
Aim: a gargoyle, wielding a +0 morningstar (severely damaged, 82% to hit)
You shoot a sling bullet.
The sling bullet completely misses the gargoyle.
The gargoyle hurls a stone arrow at you.
The stone arrow hits you!
* * * LOW HITPOINT WARNING * * *
Fire: d) +2 sling (flame)
Press: ? - help, Q - select action, (/) - cycle Shift-Dir - straight line, f/p - gargoyle
Aim: a gargoyle, wielding a +0 morningstar (severely damaged, 82% to hit)
You shoot a sling bullet.
The sling bullet hits the gargoyle but does no damage.
The gargoyle is severely damaged.
The gargoyle hits you with a +0 morningstar!
* * * LOW HITPOINT WARNING * * *
Okay, then.
Okay, then.
Fire: d) +2 sling (flame)
Press: ? - help, Q - select action, (/) - cycle Shift-Dir - straight line, f/p - gargoyle
Aim: a gargoyle, wielding a +0 morningstar (severely damaged, 82% to hit)
You shoot a sling bullet.
The sling bullet hits the gargoyle but does no damage.
The gargoyle is severely damaged.
The gargoyle hits you with a +0 morningstar!
You die...

##..##.#.#
#.#....... #.#
#...######
.##.......#
#.# ##'##≈$~..
.. ###.....
..# #.#S≈~~P.
#. ##.####
#.#S[!P.. #.
.# #~#S≈..P.
#~# #~##≈.[P.
#~~
##~########
#9##
##~##≈..P.
#.@# #)#S≈.PP.
+#.# #.#S$$...
#.# #.#≈≈~.~.
#~# #.##≈?~~.
##~#
##.########~##
##~~~~~...##
##########


You could see a gargoyle.

Vanquished Creatures
  3 dream sheep (D:7)
  Sigmund (D:2)
  2 ice beasts
  Duvessa (D:4)
  A sky beast (D:8)
  A black bear (D:5)
  2 centaurs (D:7)
  3 phantoms
  2 kobold brigands
  2 bullfrogs (D:8)
  A necrophage (D:5)
  2 gnoll sergeants
  2 scorpions (D:6)
  4 wights (D:7)
  Dowan (D:4)
  A howler monkey (D:7)
  2 hounds
  2 orc priests
  A gnoll bouda (D:7)
  3 iguanas
  Natasha (thrice) (D:3)
  6 orc wizards
  8 gnolls
  6 adders
  2 worms
  2 dart slugs
  28 orcs
  3 bats
  5 endoplasms
  A giant cockroach (D:2)
  6 hobgoblins
  6 jackals
  16 kobolds
  4 quokkas
  2 ball pythons
  2 frilled lizards
  11 goblins
  6 rats
154 creatures vanquished.

Notes
Turn   | Place    | Note
-------+----------+-------------------------------------------
     0 | D:1      | ASSMAN the Gnoll Hunter began the quest for the Orb.
     0 | D:1      | Reached XP level 1. HP: 20/20 MP: 1/1
    53 | D:1      | Found Xuhoaf's Assorted Antiques.
   121 | D:1      | Reached XP level 2. HP: 26/26 MP: 2/2
   479 | D:2      | Reached XP level 3. HP: 31/31 MP: 3/3
   557 | D:2      | Reached skill level 1 in Invocations
   593 | D:2      | Reached skill level 1 in Short Blades
   593 | D:2      | Reached skill level 1 in Long Blades
   593 | D:2      | Reached skill level 1 in Axes
   593 | D:2      | Reached skill level 1 in Maces & Flails
   593 | D:2      | Reached skill level 1 in Polearms
   593 | D:2      | Reached skill level 1 in Staves
   593 | D:2      | Reached skill level 1 in Throwing
   593 | D:2      | Reached skill level 1 in Armour
   593 | D:2      | Reached skill level 1 in Shields
   593 | D:2      | Reached skill level 1 in Unarmed Combat
   593 | D:2      | Reached skill level 1 in Spellcasting
   593 | D:2      | Reached skill level 1 in Evocations
   703 | D:2      | Reached XP level 4. HP: 38/38 MP: 5/5
   745 | D:2      | Noticed Sigmund
   760 | D:2      | Killed Sigmund
   761 | D:2      | Reached skill level 1 in Conjurations
   761 | D:2      | Reached skill level 1 in Hexes
   761 | D:2      | Reached skill level 1 in Summonings
   761 | D:2      | Reached skill level 1 in Necromancy
   761 | D:2      | Reached skill level 1 in Translocations
   761 | D:2      | Reached skill level 1 in Transmutations
   761 | D:2      | Reached skill level 1 in Fire Magic
   761 | D:2      | Reached skill level 1 in Ice Magic
   761 | D:2      | Reached skill level 1 in Air Magic
   761 | D:2      | Reached skill level 1 in Earth Magic
   761 | D:2      | Reached skill level 1 in Poison Magic
   761 | D:2      | Reached XP level 5. HP: 29/43 MP: 5/7
  1013 | D:3      | Reached XP level 6. HP: 50/50 MP: 8/8
  1089 | D:3      | Reached skill level 5 in Fighting
  1089 | D:3      | Reached skill level 5 in Dodging
  1245 | D:3      | Learned a level 1 spell: Summon Small Mammal
  1248 | D:3      | Noticed Natasha
  1255 | D:3      | Killed Natasha
  1320 | D:3      | Noticed Natasha
  1325 | D:3      | Killed Natasha
  1366 | D:3      | Noticed Natasha
  1367 | D:3      | Killed Natasha
  1428 | D:4      | Noticed Duvessa
  1429 | D:4      | Noticed Dowan
  1735 | D:4      | Killed Duvessa
  1736 | D:4      | Reached XP level 7. HP: 47/56 MP: 10/10
  1746 | D:4      | Killed Dowan
  2085 | D:4      | Reached skill level 9 in Ranged Weapons
  2718 | D:5      | Entered Level 5 of the Dungeon
  2840 | D:5      | Found a burning altar of Makhleb.
  2850 | D:5      | Found a sparkling altar of Nemelex Xobeh.
  2858 | D:5      | Found an ornate altar of the Wu Jian Council.
  2865 | D:5      | Found a hazy altar of Hepliaklqana.
  2873 | D:5      | Found a stormy altar of Qazlal.
  2881 | D:5      | Found a hide-covered altar of Uskayaw.
  2889 | D:5      | Found a blossoming altar of Fedhas.
  2993 | D:5      | Found a staircase to the Ecumenical Temple.
  3007 | D:5      | Reached XP level 8. HP: 63/63 MP: 12/12
  3019 | Temple   | Entered the Ecumenical Temple
  3027 | Temple   | Became a worshipper of Cheibriados the Contemplative
  4468 | D:7      | Reached * piety under Cheibriados
  4601 | D:7      | Reached XP level 9. HP: 64/69 MP: 14/14
  4768 | D:7      | Found a glowing golden altar of the Shining One.
  4881 | D:7      | Reached skill level 5 in Stealth
  4910 | D:7      | Reached skill level 5 in Invocations
  5450 | D:7      | Reached ** piety under Cheibriados
  6268 | D:8      | Noticed a gargoyle
  6288 | D:8      | HP: 1/71 [gargoyle/+0 morningstar (9)]
  6289 | D:8      | Mangled by a gargoyle

Illustrated notes

Levels and vault maps discovered:
D:1:      spicycebolla_arrival_risky_transporter, layout_rooms, serial_shops,
          shop
D:2:      layout_rooms, kennysheep_generic_room_12, uniq_sigmund
D:3:      layout_rooms, uniq_natasha
D:4:      layout_basic, grunt_decor_junction, dk_vineyard_3,
          kennysheep_another_room, chequers_serial_rivers_large_b, uniq_duvessa
D:5:      layout_basic, grunt_temple_overflow_octagram,
          minmay_temple_entry_statues_fountains
D:6:      layout_basic
D:7:      layout_layer_cave, tso_metal_star, minmay_misc_feat_alley,
          minivault_5, dreamdust_gnoll_shepherd
D:8:      cheibrodos_two_vegetables, layout_loops_corners, minmay_lindwurm_lava,
          uniq_joseph
Temple:   eino_temple_lava

Skill      XL: |  1  2  3  4  5  6  7  8  9 |
---------------+----------------------------+-----
Invocations    | 1 2 3 4 5 |  5.3
Short Blades   | 1 2 3 4 |  4.9
Long Blades    | 1 2 3 4 |  4.9
Axes           | 1 2 3 4 |  4.9
Maces & Flails | 1 2 3 4 |  4.9
Polearms       | 1 2 3 4 |  4.9
Staves         | 1 2 3 4 |  4.9
Throwing       | 1 2 3 4 |  4.9
Armour         | 1 2 3 4 |  4.9
Shields        | 1 2 3 4 |  4.9
Unarmed Combat | 1 2 3 4 |  4.9
Spellcasting   | 1 2 3 4 |  4.9
Evocations     | 1 2 3 4 |  4.9
Stealth        | 3 4 5 |  5.4
Conjurations   | 1 2 3 4 |  4.0
Hexes          | 1 2 3 4 |  4.0
Summonings     | 1 2 3 4 |  4.0
Necromancy     | 1 2 3 4 |  4.0
Translocations | 1 2 3 4 |  4.0
Transmutations | 1 2 3 4 |  4.0
Fire Magic     | 1 2 3 4 |  4.0
Ice Magic      | 1 2 3 4 |  4.0
Air Magic      | 1 2 3 4 |  4.0
Earth Magic    | 1 2 3 4 |  4.0
Poison Magic   | 1 2 3 4 |  4.0
Fighting       | 5 6 |  6.7
Dodging        | 5 6 |  6.7
Ranged Weapons | 9 |  9.9

Action                     |  1- 3 |  4- 6 |  7- 9 || total
---------------------------+-------+-------+-------++-------
   Fire: Sling             |    62 |    96 |   372 ||   530
         Shortbow          |     1 |       |       ||     1
 Invoke: Bend Time         |       |       |     1 ||     1
    Use: Scroll            |       |       |    10 ||    10
 Armour: Leather armour    |     2 |     3 |     1 ||     6
         Robe              |       |       |    20 ||    20
  Dodge: Dodged            |    13 |    30 |   111 ||   154

Table legend: (Time is in decaauts)
 A = Elapsed time spent in this place.
 B = Non-inter-level travel time spent in this place.
 C = Inter-level travel time spent in this place.
 D = Time resting spent in this place.
 E = Time spent auto-exploring this place.
 F = Levels seen in this place.
 G = Mean time per level.
                   A        B        C        D        E       F      G
               +--------+--------+--------+--------+--------+-----+--------+
         Total |   7109 |   6860 |    249 |    850 |   5112 |   9 |  789.9 |
       Dungeon |   7090 |   6851 |    239 |    850 |   5112 |   8 |  886.2 |
        Temple |     18 |      9 |      9 |      0 |      0 |   1 |   18.0 |
               +--------+--------+--------+--------+--------+-----+--------+

Top non-repeatable levels by time:
     D:7: 1948 daAuts
     D:6: 1210 daAuts
     D:4: 1156 daAuts
     D:5: 826 daAuts
     D:3: 686 daAuts
     D:1: 457 daAuts
     D:2: 443 daAuts
     D:8: 362 daAuts
  Temple: 18 daAuts
